 Dungeon Crawl Stone Soup version 0.28.0-53-g5a82cb258f (webtiles) character file.

Game seed: 15004833283139065682

583 Jerry the Chucker (level 7, -1/67 HPs)
             Began as a Troll Hunter on June 30, 2022.
             Slain by a water moccasin (3 damage)
             ... on level 4 of the Dungeon.
             The game lasted 00:14:11 (3333 turns).

Jerry the Chucker (Troll Hunter)                    Turns: 3333, Time: 00:14:12

Health: -1/67      AC:  5    Str: 21      XL:     7   Next: 14%
Magic:  6/6        EV: 10    Int:  5      God:
Gold:   169        SH:  5    Dex: 11 (12) Spells: 6/6 levels left

rFire   . . .      SeeInvis +   b - +0 whip
rCold   . . .      Faith    .   (no shield)
rNeg    + . .      Spirit   .   p - +1 robe {rN+}
rPois   .          Reflect  +   (helmet restricted)
rElec   .          Harm     .   (no cloak)
rCorr   +          Rampage  .   (gloves unavailable)
Will    .....                   (boots unavailable)
Stlth   +.........              n - amulet of reflection
HPRegen 1.01/turn               a - ring of see invisible
MPRegen 0.10/turn               m - ring of resist corrosion

@: lethally poisoned (-1 -> -16)
A: large, unfitting armour, claws 3, regeneration 1, shaggy fur 1, tough skin 1,
hooves 1, dopey 1, sense surroundings 1, wild magic 1
a: no special abilities


You were on level 4 of the Dungeon.
You visited 2 branches of the dungeon, and saw 5 of its levels.

You collected 169 gold pieces.

Inventory:

Hand Weapons
 b - a +0 whip (weapon)
 g - a +1 club
Missiles
 c - 5 large rocks (quivered)
 d - 2 throwing nets
Armour
 p - a +1 robe of positive energy (worn)
Jewellery
 a - a ring of see invisible (left claw)
 m - a ring of resist corrosion (right claw)
 n - an amulet of reflection (around neck)
Wands
 l - a wand of flame (23)
Scrolls
 j - a scroll of teleportation
 o - 2 scrolls of identify
Potions
 k - a potion of attraction


   Skills:
 + Level 3.5 Fighting
 + Level 3.0 Maces & Flails
 + Level 5.1 Throwing
 + Level 3.5 Dodging
 - Level 0.3 Stealth


You had 6 spell levels left.
You didn't know any spells.
Your spell library contained the following spells:

 Spells                   Type           Power      Damage    Failure   Level
 Ensorcelled Hibernation  Hex/Ice        0%         N/A       71%         2
 Passwall                 Tmut/Erth      0%         N/A       71%         2
 Ozocubu's Armour         Ice            0%         N/A       89%         3
 Swiftness                Air            0%         N/A       89%         3
 Ozocubu's Refrigeration  Ice            0%         4d5       100%        7


Dungeon Overview and Level Annotations

Branches:
Dungeon (4/15)             Temple (1/1) D:4

Altars:
Ashenzari
Dithmenos
Elyvilon
Fedhas
Hepliaklqana
Kikubaaqudgha
Okawaru
Ru
Sif Muna
Trog
Uskayaw
Vehumet
Wu Jian
Xom
Zin
The Shining One

Shops:
D:2 (


Innate Abilities, Weirdness & Mutations

You are too large for most types of armour.
You have claws for hands.
Your natural rate of healing is unusually fast.
You are covered in fur. (AC +1)
You have tough skin. (AC +1)
You have large cloven feet.
You are dopey. (Int -2)
You passively map a small area around you.
Your spells are a little harder to cast, but a little more powerful.


Message History

You are more poisoned.
The water moccasin poisons you!
You closely miss the water moccasin.
You kick the water moccasin, but do no damage.
The water moccasin is lightly wounded.
You feel very sick. The water moccasin bites you!
You are more poisoned.
The water moccasin poisons you! The water moccasin closely misses you.
Okay, then.
You closely miss the water moccasin.
The water moccasin is lightly wounded.
You feel extremely sick.
The water moccasin bites you but does no damage.
You closely miss the water moccasin. Your kick misses the water moccasin.
The water moccasin is lightly wounded.
* * * LOW HITPOINT WARNING * * *
You feel very sick. The water moccasin bites you.
* * * LOW HITPOINT WARNING * * *
The water moccasin misses you.
You barely miss the water moccasin. Your kick misses the water moccasin.
The water moccasin is lightly wounded.
* * * LOW HITPOINT WARNING * * *
You feel very sick. The water moccasin barely misses you.
You closely miss the water moccasin.
The water moccasin is lightly wounded.
* * * LOW HITPOINT WARNING * * *
You feel very sick. The water moccasin bites you.
* * * LOW HITPOINT WARNING * * *
You are more poisoned.
The water moccasin poisons you!
You completely miss the water moccasin. Your kick misses the water moccasin.
The water moccasin is lightly wounded.
* * * LOW HITPOINT WARNING * * *
You feel very sick. The water moccasin barely misses you.
The water moccasin bites you.
You die...

#..#.....#.......###
#.....##....#.##.##.
#..##....##.#.......
#.....##......##.##.
#..#....>.##.......
#..#.##......#.....
#.......##.#.#.....
#.##.#.....#.......
#.@S.#..##....#..#.
#.##.......##.#..#.
#.....##.#.......#.
#..##....#...##..#.
#..................
#.#######....####..
#.##...##.#### ##.
#.......#.# #.
#........# #.


You could see a water moccasin.

Vanquished Creatures
  Duvessa (D:4)
  A scorpion (D:4)
  3 orc priests
  Natasha (twice) (D:2)
  2 orc wizards (D:3)
  2 hound skeletons (D:4)
  4 gnolls (D:4)
  4 adders
  3 dart slugs
  4 orcs
  7 bats
  5 endoplasms
  4 giant cockroaches
  4 goblins
  6 hobgoblins
  10 jackals
  4 quokkas
  6 ball pythons
  5 frilled lizards
  11 kobolds
  7 rats
95 creatures vanquished.

Vanquished Creatures (collateral kills)
  Dowan (D:3)
1 creature vanquished.

Grand Total: 96 creatures vanquished

Notes
Turn   | Place    | Note
-------+----------+-------------------------------------------
     0 | D:1      | Jerry the Troll Hunter began the quest for the Orb.
     0 | D:1      | Reached XP level 1. HP: 19/19 MP: 0/0
    74 | D:1      | Reached XP level 2. HP: 23/28 MP: 1/1
   626 | D:2      | Reached XP level 3. HP: 35/35 MP: 2/2
   773 | D:2      | Noticed Natasha
   785 | D:2      | Killed Natasha
   786 | D:2      | Reached skill level 4 in Throwing
   875 | D:2      | Reached XP level 4. HP: 44/44 MP: 3/3
   888 | D:2      | Reached skill level 1 in Maces & Flails
  1089 | D:2      | Found Naih's Weapon Shoppe.
  1254 | D:2      | Noticed Natasha
  1264 | D:2      | Killed Natasha
  1542 | D:3      | Found a faded altar of an unknown god.
  1684 | D:3      | Reached XP level 5. HP: 19/50 MP: 4/4
  1688 | D:3      | HP: 1/50 [orc priest/nerve-wracking pain (12)]
  1689 | D:3      | Gained mutation: You are dopey. (Int -2) [potion of
                  | mutation]
  1689 | D:3      | Gained mutation: You passively map a small area around you.
                  | [potion of mutation]
  1689 | D:3      | Gained mutation: You have large cloven feet. [potion of
                  | mutation]
  1689 | D:3      | Gained mutation: Your spells are a little harder to cast,
                  | but a little more powerful. [potion of mutation]
  2550 | D:4      | Found a staircase to the Ecumenical Temple.
  2577 | Temple   | Entered the Ecumenical Temple
  2716 | D:4      | Reached XP level 6. HP: 27/61 MP: 5/5
  2855 | D:4      | Noticed Dowan
  2869 | D:4      | Noticed Duvessa
  3012 | D:4      | Killed Duvessa
  3028 | D:3      | Killed Dowan
  3168 | D:4      | Reached skill level 5 in Throwing
  3168 | D:4      | Reached XP level 7. HP: 66/67 MP: 6/6
  3333 | D:4      | HP: 2/67 [poisoned by a water moccasin]
  3333 | D:4      | Slain by a water moccasin

Illustrated notes

Levels and vault maps discovered:
D:1:      heliophobic_arrival_battle_scene, layout_basic
D:2:      layout_basic, serial_shops, nicolae_shop_bloodbath_and_beyond,
          minivault_19, kennysheep_generic_room_16, uniq_natasha
D:3:      layout_rooms, hellmonk_ecumenical_altar_dog_temple,
          roderic_roman_lattice
D:4:      layout_rooms, minmay_temple_entry_ruins, gup_ossuary_entry_pyramid,
          uniq_duvessa
Temple:   nicolae_temple_x_marks_the_god

Skill      XL: |  1  2  3  4  5  6  7 |
---------------+----------------------+-----
Fighting       | 2 3 |  3.5
Dodging        | 2 3 |  3.5
Throwing       | 4 5 |  5.1
Maces & Flails | 1 2 3 |  3.0
Stealth        | |  0.3

Action                   |  1- 3 |  4- 6 |  7- 9 || total
-------------------------+-------+-------+-------++-------
Melee: Short sword       |    75 |       |       ||    75
       Unarmed           |    50 |   222 |       ||   272
       Punch             |     2 |       |       ||     2
       Kick              |       |    36 |     8 ||    44
       Whip              |       |    17 |    36 ||    53
Throw: Large rock        |       |     3 |       ||     3
  Use: Potion            |       |     3 |       ||     3
       Scroll            |       |     5 |       ||     5
 Stab: Sleeping          |     1 |     1 |       ||     2
Armor: Robe              |    53 |    67 |    11 ||   131
Dodge: Dodged            |    74 |   133 |    11 ||   218
Block: Other             |       |    24 |    10 ||    34
